 Dungeon Crawl Stone Soup version 0.23.2-30-g0e89c35649 (webtiles) character file.

Game seed: 17899758416353705964

3073 teukkam the Protected (level 9, -5/121 HPs)
             Began as a Minotaur Fighter on June 7, 2019.
             Was an Initiate of Gozag.
             Slain by a two-headed ogre
             ... wielding a +0 giant spiked club
              (15 damage)
             ... on level 8 of the Dungeon.
             The game lasted 00:23:54 (6923 turns).

teukkam the Protected (Minotaur Fighter)            Turns: 6923, Time: 00:23:55

Health: -5/121     AC: 24    Str: 24    XL:     9   Next: 58%
Magic:  8/8        EV:  2    Int:  5    God:    Gozag
Gold:   928        SH: 13    Dex: 10    Spells: 8/8 levels left

rFire    . . .     SeeInvis .   a - +0 war axe
rCold    . . .     Gourm    .   c - +0 shield
rNeg     + + +     Faith    .   (armour currently unavailable)
rPois    +         Spirit   .   (helmet currently unavailable)
rElec    .         Reflect  +   (cloak currently unavailable)
rCorr    +         Harm     .   (gloves currently unavailable)
MR       .....     NoTele   +   (boots currently unavailable)
Stlth    +.........             u - +2 amulet of reflection
HPRegen  0.30/turn              y - ring of resist corrosion
MPRegen  0.11/turn              (no ring)

@: tree-form
A: (retaliatory headbutt)
a: Potion Petition, Call Merchant, Bribe Branch, Renounce Religion


You were on level 8 of the Dungeon.
You worshipped Gozag.
Gozag was pleased with you.
You were not hungry.
You were a tree.
You visited 2 branches of the dungeon, and saw 9 of its levels.

You collected 982 gold pieces.
You paid 54 gold pieces to Gozag.

Inventory:

Hand Weapons
 a - a +0 war axe (weapon)
 b - a +0 fustibalus
 p - a +1 hand axe of freezing
Missiles
 i - 7 javelins (quivered)
 j - 168 stones
 k - 40 arrows
 s - 10 tomahawks
 t - 15 poisoned needles
 x - 17 sling bullets
Armour
 c - a +0 shield (worn)
 v - a +0 pair of gloves (melded)
 w - a +0 scale mail (melded)
Jewellery
 u - a +2 amulet of reflection (around neck)
 y - a ring of resist corrosion (left branch)
Scrolls
 e - 4 scrolls of remove curse
 g - 2 scrolls of fog
 n - 8 scrolls of identify
 r - 5 scrolls of teleportation
 D - a scroll of enchant weapon {unknown}
Potions
 l - a potion of lignification
 m - a potion of degeneration {unknown}
 o - a potion of curing
 q - a potion of magic {unknown}
 z - a potion of invisibility {unknown}
 A - a potion of flight {unknown}
 E - a potion of heal wounds {unknown}
 F - a potion of agility {unknown}
Comestibles
 f - 5 rations


   Skills:
 + Level 8.1 Fighting
 + Level 7.6 Axes
 + Level 5.5(5.8) Slings
 - Level 2.1(3.9) Throwing
 + Level 8.2 Armour
 + Level 8.1 Shields


You had 8 spell levels left.
You didn't know any spells.
Your spell library contained the following spells:

 Spells                   Type           Power        Failure   Level  Hunger
 Confusing Touch          Hex            #.....       78%         1    ##.....
 Confuse                  Hex            #.......     98%         3    ####...
 Gell's Gravitas          Tloc           #.........   98%         3    ####...
 Petrify                  Tmut/Erth      #.......     100%        4    #####..
 Metabolic Englaciation   Hex/Ice        #.........   100%        5    ######.
 Yara's Violent Unravell  Hex/Tmut       #.........   100%        5    ######.


Dungeon Overview and Level Annotations

Branches:
Dungeon (8/15)             Temple (1/1) D:4
   Lair: D:8-11

Altars:
Ashenzari
Cheibriados
Dithmenos
Elyvilon
Fedhas
Gozag
Hepliaklqana
Kikubaaqudgha
Makhleb
Nemelex Xobeh
Okawaru
Ru
Sif Muna
Trog
Uskayaw
Vehumet
Wu Jian
Xom
Yredelemnul
Zin
The Shining One

Annotations:
D:8 Prince Ribbit


Innate Abilities, Weirdness & Mutations

((You reflexively headbutt those who attack you in melee.))
((You have a pair of horns on your head.))


Message History

You block the two-headed ogre's attack. x2
You hit the two-headed ogre but do no damage.
The two-headed ogre is almost dead.
The two-headed ogre hits you but does no damage.
You block the two-headed ogre's attack.
You hit the two-headed ogre.
The two-headed ogre is almost dead.
The two-headed ogre completely misses you.
The two-headed ogre hits you with a +0 giant club.
* * * LOW HITPOINT WARNING * * *
You hit the two-headed ogre.
The two-headed ogre is almost dead.
The two-headed ogre hits you with a +0 giant spiked club!
* * * LOW HITPOINT WARNING * * *
The two-headed ogre hits you with a +0 giant club!
* * * LOW HITPOINT WARNING * * *
You feel better. You block the two-headed ogre's attack.
The two-headed ogre hits you with a +0 giant club!
You die...
Your body crumbles into a pile of gold.

.....,*
**,,,,,,,,,,,,,,* **,
#####,**
**,,****,,,,,,,,** **,,
*,,***,,**
*******,,,****>,*
***,,**,,** **,,,,,,,**
###..,,,,,** *********
...#***,,,** #### #***
**,,,**#..## #
*,,,,,##..##
*******##♣.# #### #
#### ##O# ######...
########..######..#
##........
.................##
#......###
..........########
##.###### .........##
##.## .........##
###.## ##........##
#####..##
#####......#####.<...##


You could see a two-headed ogre.

Vanquished Creatures
  A two-headed ogre (D:8)
  A hippogriff (D:7)
  An orc warrior (D:8)
  A sky beast (D:7)
  5 ogres
  A centaur (D:5)
  3 bullfrogs (D:7)
  A scorpion (D:5)
  6 killer bees
  2 vampire bats (D:3)
  3 wights (D:2)
  4 crimson imps
  3 hounds
  2 jellies (D:5)
  An orc priest (D:2)
  5 worker ants
  An iguana (D:5)
  A killer bee zombie (D:8)
  A hound zombie (D:3)
  5 adders
  3 gnolls (D:6)
  2 shadow imps (D:7)
  An adder skeleton (D:7)
  4 worms
  9 dart slugs
  3 leopard geckos
  17 orcs
  2 bat skeletons (D:3)
  4 bat zombies (D:3)
  3 giant cockroaches
  8 goblins
  8 hobgoblins
  15 jackals
  6 kobolds
  3 quokkas
  A ball python (D:2)
  7 bats
  A frilled lizard (D:3)
  A quokka skeleton (D:6)
  6 rats
152 creatures vanquished.

Vanquished Creatures (others)
  2 centaurs (D:6)
2 creatures vanquished.

Grand Total: 154 creatures vanquished

Notes
Turn   | Place    | Note
-------+----------+-------------------------------------------
     0 | D:1      | teukkam the Minotaur Fighter began the quest for the Orb.
     0 | D:1      | Reached XP level 1. HP: 19/19 MP: 0/0
   108 | D:2      | Noticed an orc priest
   111 | D:2      | Killed an orc priest
   111 | D:2      | Reached XP level 2. HP: 27/27 MP: 1/1
   111 | D:2      | Reached XP level 3. HP: 33/33 MP: 2/2
   235 | D:2      | Reached XP level 4. HP: 32/41 MP: 3/3
   312 | D:2      | Reached skill level 1 in Throwing
   338 | D:3      | Reached XP level 5. HP: 44/47 MP: 4/4
   541 | D:3      | Found a hide-covered altar of Uskayaw.
   593 | D:3      | Found an ancient bone altar of Kikubaaqudgha.
   708 | D:3      | Reached XP level 6. HP: 55/55 MP: 5/5
   759 | D:4      | Reached skill level 5 in Armour
   759 | D:4      | Reached skill level 5 in Shields
   849 | D:4      | Reached skill level 5 in Fighting
   865 | D:4      | Found a staircase to the Ecumenical Temple.
   936 | D:4      | Found a radiant altar of Vehumet.
   952 | Temple   | Entered the Ecumenical Temple
  1035 | Temple   | Became a worshipper of Gozag Ym Sagoz the Greedy
  1621 | D:1      | Found a glowing golden altar of the Shining One.
  2413 | D:3      | Reached skill level 1 in Slings
  2796 | D:5      | Entered Level 5 of the Dungeon
  2833 | D:5      | Found a blossoming altar of Fedhas.
  2963 | D:5      | Reached XP level 7. HP: 61/61 MP: 6/6
  2988 | D:5      | Reached skill level 5 in Axes
  3740 | D:5      | Reached XP level 8. HP: 26/70 MP: 7/7
  4166 | D:4      | Found a bloodstained altar of Trog.
  5843 | D:7      | Found an ornate altar of the Wu Jian Council.
  5909 | D:7      | Reached XP level 9. HP: 60/79 MP: 8/8
  6264 | D:8      | Noticed a two-headed ogre
  6303 | D:8      | Killed a two-headed ogre
  6303 | D:8      | Reached skill level 5 in Slings
  6530 | D:8      | Found a shimmering altar of Xom.
  6857 | D:8      | Noticed a two-headed ogre
  6888 | D:8      | Noticed Prince Ribbit
  6922 | D:8      | HP: 3/121 [two-headed ogre/+0 giant spiked club (7)]
  6923 | D:8      | Slain by a two-headed ogre

Skill      XL: |  1  2  3  4  5  6  7  8  9 |
---------------+----------------------------+-----
Fighting       | 4 5 6 7 8 |  8.1
Axes           | 3 4 5 6 7 |  7.6
Armour         | 4 5 6 7 8 |  8.2
Shields        | 4 5 6 7 8 |  8.1
Throwing       | 1 2 |  2.1
Slings         | 1 2 4 5 |  5.5

Action                   |  1- 3 |  4- 6 |  7- 9 || total
-------------------------+-------+-------+-------++-------
Melee: War axe           |    30 |   197 |   165 ||   392
       Headbutt          |     3 |    29 |    36 ||    68
 Fire: Fustibalus        |       |    10 |    23 ||    33
       Hunting sling     |       |     7 |       ||     7
Throw: Javelin           |       |       |     2 ||     2
  Use: Scroll            |       |       |     8 ||     8
       Potion            |       |       |     6 ||     6
  Eat: Ration            |       |     2 |     4 ||     6
       Chunk             |       |     1 |       ||     1
Armor: Scale mail        |     6 |    83 |    69 ||   158
       Skin              |       |       |     3 ||     3
Dodge: Dodged            |    13 |    52 |    60 ||   125
Block: Shield            |    14 |   159 |   142 ||   315
       Reflection        |       |     5 |     5 ||    10
